 Dungeon Crawl Stone Soup version 0.26-a0-597-gb535b0901c (webtiles) character file.

Game seed: 6138231649746009119

19721 Lanoc the Earth Mage (level 12, -12/59 HPs)
             Began as a Gargoyle Earth Elementalist on Sept 11, 2020.
             Was a High Priest of Uskayaw.
             Mangled by an ettin (shapeshifter) (24 damage)
             ... on level 12 of the Dungeon.
             The game lasted 00:27:20 (16615 turns).

Lanoc the Earth Mage (Gargoyle Earth Elementalist) Turns: 16615, Time: 00:27:21

Health: -12/59     AC: 19    Str:  7    XL:     12   Next: 72%
Magic:  9/21       EV: 19    Int: 25    God:    Uskayaw [*****.]
Gold:   1027       SH:  0    Dex: 22    Spells: 3/15 levels left

rFire    + . .     SeeInvis +   G - +0 whip (vamp)
rCold    + . .     Faith    +   (no shield)
rNeg     + . .     Spirit   .   A - +1 leather armour {rC+}
rPois    ∞         Reflect  .   y - +2 helmet {SInv}
rElec    +         Harm     .   r - +1 cloak "Fiabef" {-Tele rF+ MR+}
rCorr    +         NoTele   +   (no gloves)
MR       +....                  l - +1 pair of boots
Stlth    ++........             i - amulet of faith
HPRegen  0.19/turn              F - ring "Faghumn" {rElec rCorr Str-5 Dex+6 Slay+5}
MPRegen  0.17/turn              h - ring of Ilanys {Int+4 Dex+6}

@: no status effects
A: negative energy resistance 1, electricity resistance, unbreathing,
petrification resistance, rot immunity, AC +8
a: Stomp, Line Pass, Grand Finale, Renounce Religion


You were on level 12 of the Dungeon.
You worshipped Uskayaw.
Uskayaw was pleased with you.
You visited 3 branches of the dungeon, and saw 14 of its levels.
You also visited: Gauntlet.

You collected 1027 gold pieces.

Inventory:

Hand Weapons
 G - a +0 vampiric whip (weapon)
Missiles
 b - 57 stones (quivered)
Armour
 l - a +1 pair of boots (worn)
 r - the +1 cloak "Fiabef" (worn) {-Tele rF+ MR+}
   (You found it on level 5 of the Dungeon)

   It protects you from fire.
   It affects your resistance to hostile enchantments.
   It prevents most forms of teleportation.
 y - a +2 helmet of see invisible (worn)
 A - a +1 leather armour of cold resistance (worn)
Jewellery
 h - the ring of Ilanys (right hand) {Int+4 Dex+6}
   (You took it off a minotaur in a Gauntlet)

   [ring of dexterity]

   It affects your intelligence (+4).
   It affects your dexterity (+6).
 i - an amulet of faith (around neck)
 F - the ring "Faghumn" (left hand) {rElec rCorr Str-5 Dex+6 Slay+5}
   (You found it in a Gauntlet)

   [ring of resist corrosion]

   It affects your strength (-5).
   It affects your dexterity (+6).
   It affects your accuracy and damage with ranged weapons and melee attacks
   (+5).
   It insulates you from electricity.
   It provides partial protection from all sources of acid and corrosion.
Wands
 e - a wand of random effects (29)
 v - a wand of iceblast (19)
 z - a wand of flame (57)
 B - a wand of paralysis (8)
Scrolls
 a - a scroll of immolation
 d - 2 scrolls of blinking
 f - 9 scrolls of remove curse
 j - 3 scrolls of enchant armour
 k - a scroll of magic mapping
 n - 2 scrolls of identify
 p - 6 scrolls of teleportation
 t - a scroll of fear
 u - 3 scrolls of amnesia
 w - 5 scrolls of fog
 x - 2 scrolls of enchant weapon
Potions
 c - 2 potions of flight
 g - 3 potions of curing
 m - a potion of heal wounds
 o - a potion of brilliance
 q - 3 potions of stabbing
 s - 2 potions of magic
 D - a potion of ambrosia
 E - a potion of lignification


   Skills:
 + Level 9.0 Dodging
 - Level 2.1 Stealth
 - Level 2.0 Spellcasting
 - Level 0.7 Transmutations
 + Level 15.3 Earth Magic
 * Level 12.9 Invocations


You had 3 spell levels left.
You knew the following spells:

 Your Spells              Type           Power        Failure   Level
a - Sandblast             Erth           ######       1%          1
b - Passwall              Tmut/Erth      #####...     1%          2
c - Lee's Rapid Deconstr  Erth           ######....   1%          5
d - Petrify               Tmut/Erth      #####...     6%          4

Your spell library contained the following spells:

 Spells                   Type           Power        Failure   Level
 Stone Arrow              Conj/Erth      #####.       2%          3
 Animate Skeleton         Necr           #.....       17%         1
 Corona                   Hex            #......      17%         1
 Pain                     Necr           #...         17%         1
 Ensorcelled Hibernation  Hex/Ice        #.....       26%         2
 Poisonous Vapours        Pois/Air       #.....       26%         2
 Confusing Touch          Hex            #.......     45%         3
 Conjure Flame            Conj/Fire      #.......     45%         3
 Dazzling Flash           Conj/Hex       #.....       45%         3
 Mephitic Cloud           Conj/Pois/Air  #.......     45%         3
 Tukima's Dance           Hex            #.......     45%         3
 Vampiric Draining        Necr           #.........   45%         3
 Bolt of Magma            Conj/Fire/Erth ####......   50%         5
 Iron Shot                Conj/Erth      #####.....   75%         6
 Animate Dead             Necr           #.........   86%         4
 Agony                    Necr           #.......     99%         5
 Iskenderun's Battlesphe  Conj           #.......     99%         5
 Freezing Cloud           Conj/Ice/Air   #.........   100%        6
 Orb of Destruction       Conj           #.........   100%        7
 Spellforged Servitor     Conj/Summ      #.........   100%        7


Dungeon Overview and Level Annotations

Branches:
Dungeon (12/15)            Temple (1/1) D:5            Lair (1/6) D:8
    Orc (0/2) D:9         Gauntlet (visited)

Altars:
Cheibriados
Dithmenos
Makhleb
Okawaru
Trog
Uskayaw
Vehumet
Xom
Yredelemnul
Zin


Innate Abilities, Weirdness & Mutations

You are resistant to torment.
Your stone body is resilient. (AC +8)
You are immune to poison.
You resist negative energy. (rN+)
You are resistant to electric shocks. (rElec)
You can survive without breathing.
You are immune to petrification.
You are immune to rotting.


Message History

The ettin hits you!
* * * LOW HITPOINT WARNING * * *
The ettin hits you but does no damage.
You cannot blink because you are wearing the +1 cloak "Fiabef" {-Tele rF+ MR+}.
The bullfrog completely misses you.
You hit the bullfrog.
You feel better.
The bullfrog is lightly wounded.
The bullfrog misses you. The bullfrog barely misses you. The ettin misses you.
The ettin hits you.
* * * LOW HITPOINT WARNING * * *
You whack the bullfrog!
You feel better.
The bullfrog is heavily wounded.
The bullfrog hits you but does no damage.
The ettin completely misses you. The ettin barely misses you.
You closely miss the bullfrog.
The bullfrog is heavily wounded.
The bullfrog closely misses you. The bullfrog hits you.
* * * LOW HITPOINT WARNING * * *
The ettin hits you!!
You die...

###)##..#.# #.....#*,,,,,,,,,,,,,
..))###.#.###.....#*,,,,,,,,,,,,,
....'.............##,,,,,,,,,,,,,
...)###.#.###......,,,,,,**,,**,,
....# #...# #.....#,,,,,*,,**,,*,
....# ##..# #.....#...,#y**,,**,*
....# #..# #.$...##..#y*******!*
....# #..# #...C.##.#.#**#***.#,
....####.>######@###.#.##.,*#.#,*
###.........# #F###..#..##..#,,,
#.........# #y##.P..##..##.#F,
#.........# #†##.............,
#.........####'##.............,
#.........##..)..Y#.##....##..*
#.........##........##...#..#*,
#.................####..#.##..*
#.........##......# *#..#.#**#*


You could see an ettin shaped shifter, a bullfrog and a killer bee.

Vanquished Creatures
  A minotaur (Gauntlet)
  5 two-headed ogres
  2 death scarabs (Gauntlet)
  3 skeletal warriors (D:12)
  An unseen horror (D:11)
  3 ugly things
  A smoke demon (Gauntlet)
  A centaur zombie (D:12)
  2 gargoyles
  A centaur skeleton (D:12)
  A kobold demonologist (D:12)
  2 trolls
  A hippogriff (D:9)
  A fire bat (Gauntlet)
  A wyvern (D:12)
  6 yaks
  A spectral komodo dragon (Gauntlet)
  Grum (D:8)
  A soldier ant (D:12)
  2 water moccasins (D:12)
  4 porcupines (D:8)
  Duvessa (D:6)
  3 ice beasts
  2 orc warriors
  4 black bears
  5 sky beasts
  7 ogres
  A phantom (D:5)
  3 necrophages
  An eye of draining (D:10)
  4 wolves (D:8)
  4 centaurs
  2 big kobolds
  6 bullfrogs
  A gnoll sergeant (D:9)
  Dowan (D:6)
  18 killer bees
  3 scorpions
  A wight (D:12)
  4 howler monkeys
  A bullfrog zombie (D:10)
  4 crimson imps (Gauntlet)
  10 hounds
  6 orc priests
  5 jellies
  3 bullfrog skeletons (D:7)
  4 iguanas
  11 orc wizards
  11 worker ants
  2 killer bee zombies
  A hound skeleton (D:8)
  10 gnolls
  12 adders
  A shadow imp (D:9)
  An ufetubus (D:10)
  An ooze (D:2)
  An adder skeleton (D:4)
  4 worms
  2 dart slugs
  2 leopard geckos
  44 orcs
  5 bats
  6 giant cockroaches
  3 hobgoblins
  9 jackals
  15 kobolds
  2 quokkas
  4 frilled lizards
  A giant cockroach zombie (D:6)
  4 goblins
  A quokka skeleton (D:4)
  2 rats
300 creatures vanquished.

Vanquished Creatures (others)
  52 fungi (D:8)
  65 plants
  4 withered plants (D:8)
121 creatures vanquished.

Grand Total: 421 creatures vanquished

Notes
Turn   | Place    | Note
-------+----------+-------------------------------------------
     0 | D:1      | Lanoc the Gargoyle Earth Elementalist began the quest for
                  | the Orb.
     0 | D:1      | Reached XP level 1. HP: 10/10 MP: 3/3
   542 | D:1      | Reached skill level 4 in Earth Magic
   632 | D:1      | Reached XP level 2. HP: 8/15 MP: 1/5
  1884 | D:2      | Reached XP level 3. HP: 9/19 MP: 2/6
  2158 | D:2      | Reached skill level 5 in Earth Magic
  2194 | D:3      | Found a bloodstained altar of Trog.
  2230 | D:3      | Learned a level 2 spell: Passwall
  2555 | D:3      | Found a radiant altar of Vehumet.
  2633 | D:3      | Reached XP level 4. HP: 19/24 MP: 7/7
  2714 | D:3      | Found a hide-covered altar of Uskayaw.
  2777 | D:3      | Became a worshipper of Uskayaw the Reveler
  2839 | D:3      | Noticed an angel
  2840 | D:3      | Found a glowing silver altar of Zin.
  2841 | D:3      | Found a shimmering altar of Xom.
  2987 | D:3      | Reached * piety under Uskayaw
  2988 | D:3      | Reached ** piety under Uskayaw
  3369 | D:4      | Reached skill level 1 in Invocations
  3369 | D:4      | Reached XP level 5. HP: 23/28 MP: 3/8
  3742 | D:4      | Reached skill level 6 in Earth Magic
  3891 | D:4      | Reached XP level 6. HP: 15/32 MP: 3/9
  4603 | D:5      | Entered Level 5 of the Dungeon
  4729 | D:5      | Got an ichor-stained cloak
  4735 | D:5      | Identified the +1 cloak "Fiabef" {-Tele rF+ MR+} (You found
                  | it on level 5 of the Dungeon)
  4901 | D:5      | Found a staircase to the Ecumenical Temple.
  4934 | Temple   | Entered the Ecumenical Temple
  4991 | D:5      | Noticed a phantom
  4999 | D:5      | Reached *** piety under Uskayaw
  5000 | D:5      | Killed a phantom
  5000 | D:5      | Reached skill level 7 in Earth Magic
  5133 | D:5      | Found a shadowy altar of Dithmenos.
  5264 | D:5      | Learned a level 5 spell: Lee's Rapid Deconstruction
  5332 | D:5      | Reached XP level 7. HP: 24/36 MP: 10/10
  5847 | D:6      | Found an iron altar of Okawaru.
  5874 | D:6      | Reached **** piety under Uskayaw
  5889 | D:6      | Reached skill level 8 in Earth Magic
  6087 | D:6      | Noticed Duvessa
  6090 | D:6      | Noticed Dowan
  6093 | D:6      | Killed Dowan
  6105 | D:6      | Killed Duvessa
  6105 | D:6      | Reached XP level 8. HP: 13/41 MP: 0/11
  6373 | D:6      | Reached skill level 9 in Earth Magic
  6831 | D:6      | You fall into a shaft and drop 3 floors!
  6985 | D:7      | Reached skill level 5 in Invocations
  7299 | D:7      | Reached skill level 10 in Earth Magic
  7505 | D:7      | Reached XP level 9. HP: 45/45 MP: 13/13
  7682 | D:7      | Reached skill level 5 in Dodging
  8873 | D:8      | Noticed Grum
  8880 | D:8      | Killed Grum
  8880 | D:8      | Reached skill level 11 in Earth Magic
  8896 | D:8      | Reached ***** piety under Uskayaw
  9147 | D:8      | Noticed a gargoyle
  9594 | D:8      | Found a basalt altar of Yredelemnul.
  9595 | D:8      | Identified the +1 scale mail of Cuytis {Str+4}
  9624 | D:8      | Killed a gargoyle
  9624 | D:8      | Reached skill level 12 in Earth Magic
  9631 | D:8      | Reached XP level 10. HP: 16/50 MP: 0/15
 10436 | D:8      | Found a staircase to the Lair.
 10473 | D:8      | Found a burning altar of Makhleb.
 10479 | D:8      | Learned a level 4 spell: Petrify
 10655 | Lair:1   | Entered Level 1 of the Lair of Beasts
 10844 | D:9      | Reached skill level 13 in Earth Magic
 11532 | D:9      | Found a staircase to the Orcish Mines.
 12236 | D:10     | Entered Level 10 of the Dungeon
 12882 | D:10     | Noticed a green ugly thing
 12900 | D:10     | Killed a green ugly thing
 12900 | D:10     | Reached XP level 11. HP: 49/54 MP: 0/17
 13724 | D:11     | HP: 2/54 [gargoyle/+0 morningstar (18)]
 14042 | D:11     | Noticed a cyan ugly thing
 14048 | D:11     | Killed a cyan ugly thing
 14050 | D:11     | Noticed a two-headed ogre
 14056 | D:11     | Killed an unseen horror
 14056 | D:11     | Reached skill level 14 in Earth Magic
 14057 | D:11     | Killed a two-headed ogre
 14057 | D:11     | Reached skill level 10 in Invocations
 14061 | D:11     | Reached ****** piety under Uskayaw
 14183 | D:11     | Noticed a two-headed ogre
 14221 | D:11     | Killed a two-headed ogre
 14396 | D:12     | Found a gate leading to a gauntlet.
 14401 | Gauntlet | Entered a Gauntlet
 14401 | Gauntlet | Found a transporter.
 14401 | Gauntlet | Found a transporter.
 14401 | Gauntlet | Found a transporter.
 14401 | Gauntlet | Found a transporter.
 14401 | Gauntlet | Noticed a cacodemon
 14401 | Gauntlet | Noticed a fire crab
 14474 | Gauntlet | Found a transporter.
 14476 | Gauntlet | Noticed a death scarab
 14477 | Gauntlet | Noticed an entropy weaver
 14485 | Gauntlet | Found a transporter.
 14492 | Gauntlet | Noticed a spectral death yak
 14492 | Gauntlet | Noticed a death scarab
 14506 | Gauntlet | Found a transporter.
 14528 | Gauntlet | Found a transporter.
 14547 | Gauntlet | Found a transporter.
 14553 | Gauntlet | Found a transporter.
 14571 | Gauntlet | Found a transporter.
 14623 | Gauntlet | Found a transporter.
 14896 | Gauntlet | Killed a death scarab
 15110 | Gauntlet | Killed a death scarab
 15224 | Gauntlet | Got a flickering granite ring
 15226 | Gauntlet | Identified the ring "Faghumn" {rElec rCorr Str-5 Dex+6
                  | Slay+5} (You found it in a Gauntlet)
 15256 | Gauntlet | Identified the cursed +1 falchion of Trial by Ordeal
                  | {speed, +Rage rElec Int+3}
 15256 | Gauntlet | Identified the ring of Ilanys {Int+4 Dex+6}
 15256 | Gauntlet | Noticed a minotaur
 15283 | Gauntlet | Killed a minotaur
 15486 | D:12     | Noticed a white ugly thing
 15495 | D:12     | Killed a white ugly thing
 15495 | D:12     | Reached XP level 12. HP: 35/59 MP: 14/20
 15766 | D:12     | Noticed a two-headed ogre
 15773 | D:12     | Killed a two-headed ogre
 15784 | D:12     | Noticed a two-headed ogre
 15805 | D:12     | Killed a two-headed ogre
 15810 | D:12     | Noticed a two-headed ogre
 15822 | D:12     | Killed a two-headed ogre
 15822 | D:12     | Reached skill level 15 in Earth Magic
 15957 | D:12     | Found a snail-covered altar of Cheibriados.
 16609 | D:12     | Noticed an ettin
 16609 | D:12     | a wolf spider changed into an ettin
 16615 | D:12     | Mangled by an ettin (shapeshifter)

Illustrated notes

Levels and vault maps discovered:
D:1:      elethiomel_arrival_shortcut, layout_loops_ring
D:2:      layout_basic, kiku_gazebo_pond_becter, uniq_robin
D:3:      layout_loops_ring, grunt_temple_overflow_order_and_chaos_1,
          vehumet_crystals, eat_drink_and_be_merry_uskayaw,
          overflow_temple_1_default
D:4:      layout_basic, dk_noncrumbling_2
D:5:      layout_basic, nicolae_dithmenos_the_darkroom,
          minmay_temple_entry_purple_smoke
D:6:      layout_loops_ring, okawaru_altar_gauntlet_db, uniq_duvessa
D:7:      layout_loops_ring
D:8:      layout_basic, yredelemnul_altar_generic, makhleb_blood_cavern_becter,
          due_lair_maze_entry_diamond, uniq_grum
D:9:      layout_loops_cross, orc_0_dummy
D:10:     layout_basic
D:11:     layout_roguey [special_room_orc], gammafunk_ghost_abyssal_escape
D:12:     regret_index_bee_streams, layout_basic, gauntlet_entry_generic,
          cheibriados_altar_1
Temple:   minmay_temple_bridge_abc
Lair:1:   layout_regular_city

Skill      XL: |  1  2  3  4  5  6  7  8  9 10 11 12 |
---------------+-------------------------------------+-----
Earth Magic    | 4 5 6 7 8 10 12 13 14 15 | 15.3
Dodging        | 2 3 4 6 7 8 9 |  9.0
Invocations    | 1 2 4 5 7 8 11 12 | 12.9
Stealth        | |  2.1
Spellcasting   | |  2.0
Transmutations | |  0.7

Action                   |  1- 3 |  4- 6 |  7- 9 | 10-12 || total
-------------------------+-------+-------+-------+-------++-------
Melee: Unarmed           |   294 |   264 |    35 |       ||   593
       Whip              |       |       |   442 |   571 ||  1013
 Cast: Sandblast         |    30 |    34 |    55 |   129 ||   248
       Lee's Rapid Decon |       |       |     5 |    64 ||    69
  Use: Scroll            |     5 |       |       |    19 ||    24
       Potion            |       |       |     2 |     5 ||     7
 Stab: Sleeping          |     1 |     3 |     3 |     1 ||     8
       Paralysed         |       |       |     9 |    43 ||    52
       Distracted        |       |       |       |     1 ||     1
Armor: Robe              |   142 |   125 |    50 |       ||   317
       Leather armour    |       |       |   206 |   274 ||   480
Dodge: Dodged            |   263 |   195 |   543 |   636 ||  1637

Table legend: (Time is in decaauts)
 A = Elapsed time spent in this place.
 B = Non-inter-level travel time spent in this place.
 C = Inter-level travel time spent in this place.
 D = Time resting spent in this place.
 E = Time spent auto-exploring this place.
 F = Levels seen in this place.
 G = Mean time per level.
                   A        B        C        D        E       F      G
               +--------+--------+--------+--------+--------+-----+--------+
         Total |  16715 |  16358 |    357 |   1582 |  11188 |  15 | 1114.3 |
       Dungeon |  15620 |  15263 |    357 |   1026 |  10954 |  12 | 1301.7 |
        Temple |      4 |      4 |      0 |      0 |      0 |   1 |    4.0 |
          Lair |      1 |      1 |      0 |      0 |      0 |   1 |    1.0 |
      Gauntlet |   1088 |   1088 |      0 |    556 |    234 |   1 | 1088.0 |
               +--------+--------+--------+--------+--------+-----+--------+

Top non-repeatable levels by time:
     D:7: 2637 daAuts
     D:1: 1868 daAuts
     D:6: 1606 daAuts
     D:9: 1529 daAuts
    D:12: 1323 daAuts
     D:4: 1254 daAuts
     D:3: 1186 daAuts
Gauntlet: 1088 daAuts
     D:8: 1050 daAuts
    D:11: 1006 daAuts
    D:10: 993 daAuts
     D:5: 872 daAuts
     D:2: 291 daAuts
  Temple: 4 daAuts
  Lair:1: 1 daAuts
